 Dungeon Crawl Stone Soup version 0.31-a0-841-g038b102fc3 (webtiles) character file.

Game seed: 8924205123767337639

2 autismninja the Firebug (level 1, -15/10 HPs)
             Began as a Gargoyle Fire Elementalist on Sept 27, 2023.
             Demolished by a goblin
             ... wielding a +2 dagger of distortion
              (23 damage)
             ... on level 1 of the Dungeon.
             The game lasted 00:00:18 (252 turns).

autismninja the Firebug (Gargoyle Fire Elementalist) Turns: 252, Time: 00:00:19

Health: -15/10     AC:  4    Str: 11    XL:     1   Next: 40%
Magic:  0/3        EV: 11    Int: 15    God:
Gold:   24         SH:  0    Dex: 10    Spells: 3/4 levels left

rFire   . . .        e - +0 spear
rCold   . . .        (no shield)
rNeg    + . .        a - +0 robe
rPois   ∞            (no helmet)
rElec   +            (no cloak)
rCorr   .            (no gloves)
SInv    .            (no boots)
Will    .....        (no amulet)
Stlth   ++           (no ring)
HPRegen 0.21/turn    (no ring)
MPRegen 0.08/turn

%: no passive effects
@: very slightly contaminated
A: sickness immunity, AC +2, negative energy resistance 1, electricity
resistance, torment resistance 1, petrification resistance
a: no special abilities


You were on level 1 of the Dungeon.
You visited 1 branch of the dungeon, and saw 1 of its levels.

You collected 24 gold pieces.

Inventory:

Hand Weapons
 e - a +0 spear (weapon)
Armour
 a - a +0 robe (worn)
Scrolls
 c - a scroll of teleportation {unknown}
Potions
 b - a potion of magic
 d - a potion of experience {unknown}


   Skills:
 + Level 1.5 Dodging
 + Level 2.1 Stealth
 + Level 2.0 Spellcasting
 + Level 1.1 Conjurations
 + Level 3.2 Fire Magic


You had 3 spell levels left.
You knew the following spells:

 Your Spells              Type           Power      Damage    Failure   Level
a - Foxfire               Conj/Fire      28%        2x1d5     10%         1

Your spell library contained the following spells:

 Spells                   Type           Power      Damage    Failure   Level
 Scorch                   Fire           22%        2d5       9%          2
 Inner Flame              Hex/Fire       6%         N/A       34%         3
 Volatile Blastmotes      Fire/Tloc      12%        2d11      34%         3
 Flame Wave               Conj/Fire      7%         2d5       67%         4


Dungeon Overview and Level Annotations

Branches:
Dungeon (1/15)

Altars:


Innate Abilities, Weirdness & Mutations

You are immune to sickness and miasma.
Your stone body is resilient. (AC +2)
You are immune to poison.
You resist negative energy. (rN+)
You are resistant to electric shocks. (rElec)
You are resistant to unholy torment.
You are immune to petrification.


Message History

You are very lightly contaminated with residual magic.
Nothing appears to happen.
Your foxfire dissipates!
Your magical contamination has completely faded away.
You see here a +0 spear.
e - a +0 spear
e - a +0 spear (weapon)
You enter the shallow water.
Moving in this stuff is going to be slow.
You enter the shallow water.
Moving in this stuff is going to be slow.
Found a short sword.
A ball python and a giant cockroach come into view.
Found a scroll labelled KEZU COMMEHUO.
There are monsters nearby!
You conjure some foxfire!
The ball python hisses angrily.
The foxfire hits the ball python.
The ball python is moderately wounded.
A goblin comes into view.
It is wielding a +2 dagger of distortion.
The foxfire hits the ball python.
The ball python is heavily wounded.
The goblin shouts!
You conjure some foxfire!
Unknown command.
The foxfire hits the ball python.
The ball python is severely wounded.
The foxfire hits the ball python.
You kill the ball python!
The giant cockroach waves its antennae.
Unknown command.
Casting: Foxfire (safe; 10% risk of failure)
Press: ? - help, Q - select action Dir - look around, f - activate You miscast Foxfire.
You are very lightly contaminated with residual magic.
Nothing appears to happen.
The goblin hits you with a +2 dagger of distortion.
Space warps horribly around you!!
Ouch! That really hurt!
You die...

~~~~≈~~...~~≈~~~~≈~~.
P~≈≈~~~~~.....~~~≈~≈~~P.
...........<............
P~~~~≈~~~.....~~~~~~~~P.
≈≈≈~~~~≈≈≈..(~≈≈~~~~≈≈~.
~≈≈~~~~~≈~...~≈≈~~~~≈~~.
P~~~~~~~~P...P~~~~≈~~≈P.
........................
.......@......##........
......g######.>..##.##.#
.....B. ##.####.##.#
.###... #.# #.##.# #....
#.# ##.~~P~ .).#..
#.###~~PPP~ .??##..
#.P~P~~≈♣♣♣ .#. #.#
##P.PP~≈≈♣~~
#PPP~♣≈≈~P.P


You could see a giant cockroach and a goblin.

Vanquished Creatures
  A ball python (D:1)
  A hobgoblin (D:1)
2 creatures vanquished.

Vanquished Creatures (others)
  7 foxfires (D:1)
7 creatures vanquished.

Grand Total: 9 creatures vanquished

Notes
Turn   | Place    | Note
-------+----------+-------------------------------------------
     0 | D:1      | autismninja the Gargoyle Fire Elementalist began the quest
                  | for the Orb.
     0 | D:1      | Reached XP level 1. HP: 10/10 MP: 3/3
   252 | D:1      | Demolished by a goblin

Illustrated notes

Levels and vault maps discovered:
D:1:      giann_bridges, layout_basic, minmay_misc_feat_five, glass_columns_a,
          st_stairs_13, serial_bayou_lagoon_a, minmay_tetromino_t4

Action                     || total
---------------------------++-------
   Cast: Foxfire           ||     4
 Armour: Robe              ||     1

Table legend: (Time is in decaauts)
 A = Elapsed time spent in this place.
 B = Non-inter-level travel time spent in this place.
 C = Inter-level travel time spent in this place.
 D = Time resting spent in this place.
 E = Time spent auto-exploring this place.
 F = Levels seen in this place.
 G = Mean time per level.
                   A        B        C        D        E       F      G
               +--------+--------+--------+--------+--------+-----+--------+
         Total |    264 |    236 |     28 |      0 |    205 |   1 |  264.0 |
       Dungeon |    264 |    236 |     28 |      0 |    205 |   1 |  264.0 |
               +--------+--------+--------+--------+--------+-----+--------+

Top non-repeatable levels by time:
     D:1: 264 daAuts
